AoeStats
← ngoodnight01

MegaRandom

507784251Analyzed
2v2 RM · 13d ago on Sep 19, 2026· 73m 14s· 4 players
Game mode
Random Map
Map size
Medium (4 player)
Population
200
Speed
Normal
Resources
Standard
Victory
Conquest
Starting age
Dark Age
Ending age
Imperial Age
RankedLock teamsTeams togetherTeam positionsShared explorationLock speedFull tech treeHidden civsTurbo modeCheats
Victory
Defeat
🇧🇷 Berbers · Brazil
653
+12
🇹🇼 Italians · Taiwan
551
+16
🇺🇸 Gurjaras · United States
569
-14
🇺🇸 Burgundians · United States
567
-14
CommittedTwo_1
0:33 Loom
5:50 Horse Collar
6:16 Double-Bit Axe
12:03 Wheelbarrow
16:33 Feudal Age
18:23 Heavy Plow
25:15 Castle Age
23:32 Hand Cart
26:37 Caravan
28:04 Forging
27:44 Cavalier
28:25 Husbandry
29:05 Elite Skirmisher
33:32 Scale Barding Armor
33:17 Fletching
38:17 Imperial Age
39:38 Chain Barding Armor
39:14 Bodkin Arrow
39:20 Padded Archer Armor
40:31 Conscription
39:42 Sappers
40:24 Burgundian Vineyards
41:22 Gold Mining
41:22 Stone Mining
41:23 Town Watch
44:33 Light Cavalry
46:09 Paladin
47:10 Hussar
53:05 Bow Saw
60:47 Sappers
66:20 Gold Shaft Mining
66:21 Stone Shaft Mining
66:49 Two-Man Saw
66:30 Crop Rotation
66:15 Pikeman
70:21 Scale Mail Armor
72:14 Squires
ngoodnight01
0:50 Loom
14:03 Feudal Age
14:27 Man-at-Arms
15:23 Town Watch
36:14 Castle Age
39:26 Caravan
jueyuanti2026
0:39 Loom
14:39 Feudal Age
15:26 Arson
16:53 Town Watch
17:44 Wheelbarrow
17:52 Stone Mining
19:37 Gold Mining
22:32 Castle Age
20:57 Double-Bit Axe
22:23 Horse Collar
23:12 Bloodlines
23:21 Bloodlines
25:07 Town Patrol
26:56 Heavy Plow
27:21 Hand Cart
27:26 Light Cavalry
28:51 Squires
33:33 Imperial Age
32:05 Thumb Ring
34:37 Silk Road
36:42 Hoardings
37:05 Fervor
38:21 Ballistics
38:12 Fortified Wall
37:43 Treadmill Crane
37:59 Murder Holes
37:56 Guard Tower
39:16 Bow Saw
40:09 Caravan
40:55 Stone Shaft Mining
41:24 Pikeman
41:34 Elite Skirmisher
42:08 Fletching
44:14 Conscription
44:21 Conscription
45:56 Husbandry
45:19 Cavalier
48:21 Pirotechnia
Atommych
2:50 Loom
11:54 Feudal Age
13:16 Wheelbarrow
12:31 Double-Bit Axe
12:32 Horse Collar
12:54 Town Watch
13:05 Gold Mining
13:23 Stone Mining
13:25 Town Watch
19:06 Man-at-Arms
24:08 Castle Age
22:44 Bloodlines
24:00 Forging
23:44 Fletching
24:01 Scale Barding Armor
24:51 Heavy Plow
25:04 Bow Saw
25:57 Husbandry
26:38 Hand Cart
26:28 Elite Skirmisher
29:09 Town Patrol
30:06 Pikeman
30:47 Squires
31:48 Bodkin Arrow
34:10 Gold Shaft Mining
34:15 Stone Shaft Mining
35:16 Chain Barding Armor
36:03 Iron Casting
45:48 Imperial Age
46:33 Capped Ram
46:36 Elite Camel Archer
46:39 Heavy Camel Rider
46:42 Elite Genitour
48:26 Plate Barding Armor
48:53 Blast Furnace
47:54 Bracer
Connection lost

Rejoining the realm…

Still unreachable

The connection could not be restored.

Session expired

The server has moved on; the page needs a fresh start.